[ AOE2 MATCH · #482905654 ]
UnrankedKhitans vs Celts
Player's team · LOSS
Rival team · WIN
[ REPLAY ANALYSIS · EXTRACTED FROM THE RECORDED GAME ]
Feudal
8:57
Castle
—
Imperial
—
| APM avg | 55.1 |
| APM peak | 80 |
| eAPM avg | 22.8 |
| Villagers / military | 35 / 4 |
Focus
⚔️ 20.8% · 🌾 79.2%
Scout Cavalry ×3 · Skirmisher ×1
Feudal
9:36
Castle
—
Imperial
—
| APM avg | 50.5 |
| APM peak | 84 |
| eAPM avg | 21.0 |
| Villagers / military | 34 / 13 |
Focus
⚔️ 44.4% · 🌾 55.6%
Spearman ×5 · Archer ×4 · Militia ×4
Match map
Initial resources + every placement click. Lines = walls · curves = elevation contours. ◆ gold · ⬟ stone · ● berries · ✦ relic · ◌ wall gap
Your base· Open — 10t gap
Jeremy24k's base· Open — unwalled flank
Smoothed initial terrain · ◌ = detected wall gap · hover for details
Inputs per minute
— ominolo - - Jeremy24k
Build order — ominolo
69 actions detected in the replay
| 0:00 | Create | Villager (Male) |
| 0:01 | Build | House |
| 0:04 | Build | House |
| 0:08 | Create | Villager (Male) |
| 0:08 | Create | Villager (Male) |
| 0:08 | Create | Villager (Male) |
| 1:32 | Create | Villager (Male) |
| 2:04 | Create | Villager (Male) |
| 2:18 | Create | Villager (Male) |
| 2:44 | Build | Lumber Camp |
| 2:50 | Create | Villager (Male) |
| 3:21 | Create | Villager (Male) |
| 3:21 | Create | Villager (Male) |
| 3:25 | Build | House |
| 3:35 | Create | Villager (Male) |
| 4:04 | Create | Villager (Male) |
| 4:05 | Create | Villager (Male) |
| 4:30 | Build | Mill |
| 5:00 | Create | Villager (Male) |
| 5:31 | Create | Villager (Male) |
| 5:34 | Create | Villager (Male) |
| 5:35 | Create | Villager (Male) |
| 5:35 | Research | Loom |
| 6:47 | Research | Feudal Age |
| 7:31 | Create | Villager (Male) |
| 7:43 | Build | Barracks |
| 7:52 | Build | House |
| 8:57 | Age | Feudal Age |
| 9:03 | Build | Archery Range |
| 9:07 | Build | Stable |
| 9:13 | Create | Villager (Male) |
| 9:17 | Research | Double-Bit Axe |
| 9:28 | Build | Pasture |
| 9:47 | Create | Scout Cavalry |
| 9:47 | Create | Scout Cavalry |
| 9:49 | Create | Villager (Male) |
| 9:52 | Build | House |
| 9:58 | Create | Villager (Male) |
| 10:07 | Build | House |
| 10:21 | Build | Pasture |
| 10:26 | Create | Villager (Male) |
| 10:30 | Build | House |
| 10:35 | Create | Villager (Male) |
| 10:37 | Create | Scout Cavalry |
| 10:55 | Create | Villager (Male) |
| 11:00 | Build | Blacksmith |
| 11:34 | Create | Villager (Male) |
| 11:47 | Research | Forging |
| 11:56 | Build | Pasture |
| 12:07 | Build | Lumber Camp |
| 12:07 | Create | Villager (Male) |
| 12:14 | Create | Villager (Male) |
| 12:30 | Create | Villager (Male) |
| 12:49 | Create | Villager (Male) |
| 13:13 | Create | Villager (Male) |
| 13:14 | Build | Pasture |
| 13:28 | Create | Villager (Male) |
| 13:32 | Build | House |
| 13:34 | Build | Archery Range |
| 13:46 | Create | Villager (Male) |
| 14:02 | Create | Villager (Male) |
| 14:09 | Build | House |
| 14:17 | Create | Villager (Male) |
| 14:27 | Create | Skirmisher |
| 14:43 | Create | Villager (Male) |
| 14:48 | Build | Mining Camp |
| 14:54 | Build | Palisade Wall |
| 14:56 | Build | Palisade Wall |
| 15:00 | Build | Palisade Wall |
Build order — Jeremy24k
80 actions detected in the replay
| 0:01 | Create | Villager (Male) |
| 0:01 | Create | Villager (Male) |
| 0:01 | Create | Villager (Male) |
| 0:02 | Create | Villager (Male) |
| 0:02 | Create | Villager (Male) |
| 0:03 | Build | House |
| 0:05 | Build | House |
| 1:29 | Create | Villager (Male) |
| 1:29 | Create | Villager (Male) |
| 1:59 | Create | Villager (Male) |
| 1:59 | Create | Villager (Male) |
| 2:17 | Create | Villager (Male) |
| 2:17 | Create | Villager (Male) |
| 2:24 | Build | Lumber Camp |
| 2:56 | Create | Villager (Male) |
| 3:10 | Create | Villager (Male) |
| 3:10 | Create | Villager (Male) |
| 3:37 | Create | Villager (Male) |
| 3:37 | Create | Villager (Male) |
| 3:51 | Create | Villager (Male) |
| 3:51 | Create | Villager (Male) |
| 4:07 | Build | House |
| 4:07 | Build | House |
| 4:26 | Create | Villager (Male) |
| 4:27 | Create | Villager (Male) |
| 5:09 | Create | Villager (Male) |
| 5:09 | Create | Villager (Male) |
| 5:10 | Create | Villager (Male) |
| 5:10 | Create | Villager (Male) |
| 5:10 | Create | Villager (Male) |
| 6:18 | Research | Loom |
| 6:27 | Build | Barracks |
| 7:26 | Research | Feudal Age |
| 7:54 | Create | Militia |
| 7:54 | Create | Militia |
| 8:03 | Build | Mining Camp |
| 8:09 | Create | Militia |
| 8:35 | Create | Militia |
| 8:47 | Build | Mill |
| 9:36 | Age | Feudal Age |
| 9:39 | Research | Man-at-Arms (upgrade) |
| 9:39 | Create | Villager (Male) |
| 10:06 | Build | Archery Range |
| 10:09 | Create | Spearman |
| 10:11 | Create | Villager (Male) |
| 10:12 | Create | Villager (Male) |
| 10:47 | Build | Palisade Wall |
| 10:48 | Build | Palisade Wall |
| 10:59 | Create | Villager (Male) |
| 11:11 | Create | Villager (Male) |
| 11:13 | Build | House |
| 11:39 | Create | Archer |
| 11:39 | Create | Archer |
| 11:40 | Create | Villager (Male) |
| 11:47 | Build | Farm |
| 11:48 | Build | Farm |
| 11:49 | Build | Farm |
| 11:51 | Create | Spearman |
| 12:01 | Create | Archer |
| 12:06 | Build | Blacksmith |
| 12:11 | Build | House |
| 12:23 | Build | Palisade Wall |
| 12:31 | Build | Palisade Wall |
| 12:36 | Build | Blacksmith |
| 12:39 | Create | Spearman |
| 12:43 | Build | Palisade Wall |
| 12:45 | Build | Palisade Wall |
| 12:56 | Create | Villager (Male) |
| 13:35 | Create | Archer |
| 13:42 | Build | Farm |
| 13:43 | Build | Farm |
| 13:49 | Build | Farm |
| 13:57 | Build | House |
| 14:14 | Create | Villager (Male) |
| 14:26 | Create | Spearman |
| 14:44 | Create | Spearman |
| 14:48 | Build | Farm |
| 14:49 | Build | Farm |
| 14:52 | Create | Villager (Male) |
| 15:26 | Build | Farm |
Match timeline
| 6:27 | Jeremy24k · first_building Barracks |
| 7:43 | ominolo · first_building Barracks |
| 8:57 | ominolo · age_up feudal |
| 9:03 | ominolo · first_building Archery Range |
| 9:07 | ominolo · first_building Stable |
| 9:36 | Jeremy24k · age_up feudal |
| 10:06 | Jeremy24k · first_building Archery Range |
| 10:47 | Jeremy24k · wall_segment Palisade Wall x5 |
| 10:48 | Jeremy24k · wall_segment Palisade Wall x8 |
| 12:23 | Jeremy24k · wall_segment Palisade Wall x1 |
| 12:31 | Jeremy24k · wall_segment Palisade Wall x1 |
| 12:43 | Jeremy24k · wall_segment Palisade Wall x1 |
| 12:45 | Jeremy24k · wall_segment Palisade Wall x1 |
| 14:54 | ominolo · wall_segment Palisade Wall x3 |
| 14:56 | ominolo · wall_segment Palisade Wall x1 |
| 15:00 | ominolo · wall_segment Palisade Wall x1 |
| 15:30 | ominolo · resign |
[ AI ANALYSIS · 1 CREDIT ]
What really happened in this match?
Wolo.gg analyzes every decision: build order, eco, micro, common mistakes by bracket. Personalized analysis on WhatsApp or Discord in 30 seconds.
Civ guide
Khitans
Perfil
Jugador #4257640